 Dungeon Crawl Stone Soup version 0.27.1 (webtiles) character file.

Game seed: 12475292994928088065

7 Descartes the Grasshopper (level 1, -2/10 HPs)
             Began as a Deep Elf Wanderer on Sept 4, 2021.
             Slain by a kobold (4 damage)
             ... on level 1 of the Dungeon.
             The game lasted 00:01:11 (198 turns).

Descartes the Grasshopper (Deep Elf Wanderer)        Turns: 198, Time: 00:01:12

Health: -2/10      AC:  2    Str: 11    XL:     1   Next: 83%
Magic:  5/5        EV: 11    Int: 17    God:
Gold:   4          SH:  0    Dex: 11    Spells: 2/3 levels left

rFire    . . .     SeeInvis .   a - +0 club
rCold    . . .     Faith    .   (no shield)
rNeg     . . .     Spirit   .   d - +0 robe
rPois    .         Reflect  .   (no helmet)
rElec    .         Harm     .   (no cloak)
rCorr    .         Rampage  .   (no gloves)
Will     .....                  (no boots)
Stlth    ++........             (no amulet)
HPRegen  0.03/turn              f - ring of flight
MPRegen  0.09/turn              (no ring)

@: flying
A: no striking features
a: no special abilities


You were on level 1 of the Dungeon.
You visited 1 branch of the dungeon, and saw 1 of its levels.

You collected 4 gold pieces.

Inventory:

Hand Weapons
 a - a +0 club (weapon)
Missiles
 g - 16 sling bullets
Armour
 d - a +0 robe (worn)
Jewellery
 f - a ring of flight (left hand)
Potions
 b - a potion of heal wounds
 c - a potion of curing
 e - a potion of berserk rage


   Skills:
 - Level 2.0 Throwing
 - Level 1.2 Dodging
 + Level 2.1 Stealth
 - Level 1.5 Unarmed Combat
 - Level 1.5 Spellcasting
 - Level 2.1 Translocations
 - Level 2.0 Air Magic


You had 2 spell levels left.
You knew the following spells:

 Your Spells              Type           Power      Damage    Failure   Level
a - Apportation           Tloc           16%        N/A       9%          1

Your spell library contained the following spells:

 Spells                   Type           Power      Damage    Failure   Level
 Teleport Other           Tloc           8%         N/A       26%         3


Dungeon Overview and Level Annotations

Branches:
Dungeon (1/15)

Altars:


Message History

Found a barding.
The endoplasm quivers.
You hit the endoplasm but do no damage. The endoplasm hits you.
You hit the endoplasm.
The endoplasm is almost dead.
The endoplasm barely misses you.
You barely miss the endoplasm.
The endoplasm is almost dead.
The endoplasm freezes you.
You are frozen.
The endoplasm barely misses you.
You hit the endoplasm.
You kill the endoplasm!
No target in view!
You see here 16 sling bullets.
g - 16 sling bullets A bat comes into view.
The bat closely misses you.
You hit the bat.
You kill the bat!
A hobgoblin and a kobold come into view.
The helpless hobgoblin fails to defend itself.
You hit the hobgoblin.
The hobgoblin is severely wounded.
The kobold shouts!
The hobgoblin closely misses you.
The hobgoblin hits you but does no damage.
You barely miss the hobgoblin.
The hobgoblin is severely wounded.
The hobgoblin hits you.
You hit the hobgoblin.
You kill the hobgoblin!
The kobold misses you.
Your Stealth skill increases to level 2!
You barely miss the kobold. The kobold closely misses you.
You barely miss the kobold. The kobold hits you with a +0 club.
* * * LOW HITPOINT WARNING * * *
You barely miss the kobold. The kobold barely misses you.
You closely miss the kobold. The kobold hits you but does no damage.
The kobold hits you with a +0 club.
You die...

#.#
#.#
#.#
#.#
#.#
#.#
#K#
#@#
#.###
#...#
###.#
#.#
.#
#.#
#.#
#.#
#.#
#.#
#.#
#.#


You could see a kobold.

Vanquished Creatures
  A ball python (D:1)
  A bat (D:1)
  An endoplasm (D:1)
  A giant cockroach (D:1)
  A hobgoblin (D:1)
5 creatures vanquished.

Notes
Turn   | Place    | Note
-------+----------+-------------------------------------------
     0 | D:1      | Descartes the Deep Elf Wanderer began the quest for the
                  | Orb.
     0 | D:1      | Descartes set off with the following items: a +0 club, a
                  | potion of heal wounds, a potion of curing, a +0 robe, a
                  | potion of berserk rage; and the following spell memorised:
                  | Apportation; and the following spells available to
                  | memorise: Teleport Other
     0 | D:1      | Reached XP level 1. HP: 10/10 MP: 5/5
   111 | D:1      | Reached skill level 1 in Stealth
   198 | D:1      | Slain by a kobold

Illustrated notes

Levels and vault maps discovered:
D:1:      dpeg_arrival_simpleton_c, layout_loops_ring,
          chequers_ecumenical_altar_simple_redux

Skill      XL: |  1 |
---------------+----+-----
Stealth        | 2 |  2.1
Throwing       | |  2.0
Dodging        | |  1.2
Unarmed Combat | |  1.5
Spellcasting   | |  1.5
Translocations | |  2.1
Air Magic      | |  2.0

Action                   || total
-------------------------++-------
Melee: Club              ||    25
 Stab: Sleeping          ||     2
Armor: Robe              ||     5
Dodge: Dodged            ||    20
